 Dungeon Crawl Stone Soup version 0.30-a0-42-g806c11bf1d (webtiles) character file.

Game seed: 15538239322878992175

277 kae the Firebug (level 5, 0/38 HPs)
             Began as a Demigod Fire Elementalist on Aug 30, 2022.
             Slain by an iguana (8 damage)
             ... on level 4 of the Dungeon.
             The game lasted 00:04:39 (4243 turns).

kae the Firebug (Demigod Fire Elementalist)         Turns: 4243, Time: 00:04:39

Health: 0/38       AC:  2    Str:  9    XL:     5   Next: 74%
Magic:  0/12       EV: 12    Int: 21    God:
Gold:   115        SH:  0    Dex: 14    Spells: 0/9 levels left

rFire   . . .      SeeInvis .    l - +2 short sword (flame)
rCold   . . .      Faith    .    (no shield)
rNeg    . . .      Spirit   +    a - +0 robe
rPois   .          Reflect  .    (no helmet)
rElec   .          Harm     .    s - scarf {repulsion}
rCorr   .          Rampage  .    (no gloves)
Will    .....                    (no boots)
Stlth   ++........               G - amulet of guardian spirit
HPRegen 0.12/turn                (no ring)
MPRegen 0.13/turn                (no ring)

@: repel missiles
A: high MP 1, forlorn, divine attributes
a: no special abilities


You were on level 4 of the Dungeon.
You visited 1 branch of the dungeon, and saw 4 of its levels.
You also visited: Sewer.

You collected 141 gold pieces.
You spent 26 gold pieces at shops.


Innate Abilities, Weirdness & Mutations

You have an increased reservoir of magic. (+10% MP)
You shall have no god before yourself.
Your divine heritage dramatically boosts your attributes as you level up.


   Skills:
 - Level 1.7 Dodging
 - Level 1.7 Stealth
 + Level 2.8 Spellcasting
 * Level 3.5 Conjurations
 * Level 4.4 Fire Magic


You couldn't memorise any spells.
You knew the following spells:

 Your Spells              Type           Power      Damage    Failure   Level
a - Foxfire               Conj/Fire      76%        2x1d7     2%          1
b - Scorch                Fire           42%        2d7       3%          2
c - Conjure Flame         Conj/Fire      19%        6-21      9%          3
d - Inner Flame           Hex/Fire       12%        N/A       17%         3

Your spell library contained the following spells:

 Spells                   Type           Power      Damage    Failure   Level
 Flame Wave               Conj/Fire      19%        2d7       26%         4

Inventory:

Hand Weapons
 d - a +0 mace
   (You found it on level 1 of the Dungeon)
 l - a +2 short sword of flaming (weapon)
   (You took it off a kobold in a sewer)
Missiles
 c - 37 stones
 o - 5 boomerangs
 p - 11 poisoned darts
Armour
 a - a +0 robe (worn)
 s - a scarf of repulsion (worn)
   (You found it in a sewer)
Jewellery
 G - an amulet of guardian spirit (around neck)
   (You found it on level 1 of the Dungeon)
 T - an amulet of faith {!P}
   (You took it off a kobold on level 2 of the Dungeon)
Scrolls
 j - a scroll of noise {!r}
 m - a scroll of blinking {!r}
 r - a scroll of poison {!r}
Potions
 b - a potion of magic
 e - 2 potions of curing {@q1}
 f - a potion of cancellation
 g - a potion of attraction {unknown}
 i - 2 potions of mutation {unknown}
 k - 4 potions of lignification {unknown}
 q - 2 potions of heal wounds {unknown}

Dungeon Overview and Level Annotations

Branches:
Dungeon (4/15) Zot: 20184   Sewer (visited)
 Temple: D:4-7

Shops:
D:4 [[[*

Annotations:
D:3 Terence
D:4 Dowan

,,,,,,~,,,,,,,~,,*
*****,~,***♣♣.≈..#
*****,~,*,,,..≈..#
,,,,,,~,*,_,♣.≈..##
*****,~,,,,,♣.≈...#
*,~,*♣♣♣♣.≈...#
*,~,,.....≈...*
*,~~~≈≈≈≈.≈†.#*
*,,,,......l@#
**,,,..#####.#
****,,* #.# **,*
#.# *,* #.# *****,*
#.# *,,,*,* #.#
*,,,,,* #.# *,,,***
#v#


You could see an iguana.


Message History

As you read the scroll labelled UPNUQ XUMOSUMN, it crumbles to dust.
Magic quickly surges around you.
It was a scroll of vulnerability.
There is an empty arch of ancient stone here.
There is a gate leading back out of this place here.
As you read the scroll labelled UPPIALL VOINE, it crumbles to dust.
It is a scroll of amnesia.
Really abort (and waste the scroll)?
Okay, then.
The air fills with toxic fumes!
As you read the scroll labelled YXIGOI LALIRCHOD, it crumbles to dust.
It was a scroll of poison.
Unknown command.
Press: ? - help, . - travel, g - get item You can't see that place. [Stash: 18 gold pieces] [the floor.] Welcome back to the Dungeon!
Level annotation: Dowan
There is a collapsed entrance here.
Okay, then.
You enter the shallow water.
Moving in this stuff is going to be slow.
Found Wudicaus's General Store.
There is an entrance to Wudicaus's General Store here.
h - a scroll of identify {@r1} Thank you for shopping at Wudicaus's General Store!
Okay, then.
As you read the scroll of identify {@r1}, it crumbles to dust.
f - a potion of cancellation You feel your willpower return.
An orc comes into view. It is wielding a +0 short sword.
An orc is nearby!
An orc is nearby!
An orc is nearby!
No reachable target in view!
No reachable target in view!
Casting: Scorch (safe; 3% risk of failure)
Confirm with . or Enter, or press ? or * to list all spells.
You conjure some foxfire!
The orc shouts!
An iguana comes into view.
The foxfire hits the orc. 😎 MP[-1]
You lost 1 mp, and now have 11/12 mp.
A ball python comes into view.
Casting: Foxfire (safe; 2% risk of failure)
Confirm with . or Enter, or press ? or * to list all spells.
You conjure some foxfire!
The ball python hisses angrily.
The orc hits you with a +0 short sword.
The foxfire hits the iguana.
The foxfire hits the orc!
You kill the orc! 😕 HP[-1] MP[-1]
You take 1 damage, and now have 37/38 hp.
You lost 1 mp, and now have 10/12 mp.
Casting: Foxfire (safe; 2% risk of failure)
Confirm with . or Enter, or press ? or * to list all spells.
You conjure some foxfire!
The iguana bites you.
The foxfire hits the iguana but does no damage.
The foxfire hits the iguana.
The iguana closely misses you. 😕 HP[-4] MP[-1]
You take 4 damage, and now have 33/38 hp.
You lost 1 mp, and now have 9/12 mp.
Casting: Foxfire (safe; 2% risk of failure)
Confirm with . or Enter, or press ? or * to list all spells.
You conjure some foxfire!
The iguana bites you!
The foxfire hits the ball python.
The foxfire hits the iguana.
The iguana barely misses you.
The ball python misses you. x2 😮 HP[-7] MP[-3]
You take 7 damage, and now have 26/38 hp.
You lost 3 mp, and now have 6/12 mp.
Casting: Foxfire (safe; 2% risk of failure)
Confirm with . or Enter, or press ? or * to list all spells.
You conjure some foxfire!
The ball python bites you but does no damage.
The ball python misses you. The iguana barely misses you.
The foxfire hits the ball python.
You kill the ball python!
The foxfire hits the iguana but does no damage.
The iguana bites you. 😮 HP[-1] MP[-1]
You take 1 damage, and now have 25/38 hp.
You lost 1 mp, and now have 5/12 mp.
Casting: Foxfire (safe; 2% risk of failure)
Confirm with . or Enter, or press ? or * to list all spells.
You conjure some foxfire!
The iguana bites you!
* * * LOW HITPOINT WARNING * * *
The foxfire hits the iguana but does no damage. x2
The iguana bites you!
* * * LOW HITPOINT WARNING * * *
😨 HP[-15] MP[-4]
You take 15 damage, and now have 10/38 hp.
MASSIVE DAMAGE!! (PAUSE)
You lost 4 mp, and now have 1/12 mp.
Casting: Foxfire (safe; 2% risk of failure)
Confirm with . or Enter, or press ? or * to list all spells.
You conjure some foxfire!
The iguana bites you.
* * * LOW HITPOINT WARNING * * *
The foxfire hits the iguana. x2; The iguana bites you!
You die...

Skill      XL: |  1  2  3  4 |
---------------+-------------+-----
Conjurations   | 1 2 3 |  3.5
Fire Magic     | 3 4 |  4.4
Spellcasting   | 2 |  2.8
Dodging        | |  1.7
Stealth        | |  1.7

Action                   |  1- 3 |  4- 6 || total
-------------------------+-------+-------++-------
Melee: Mace              |     7 |     5 ||    12
 Cast: Foxfire           |    65 |    63 ||   128
       Scorch            |     5 |    16 ||    21
  Use: Scroll            |       |     9 ||     9
       Potion            |       |     1 ||     1
Armor: Robe              |     5 |     8 ||    13
Dodge: Dodged            |    18 |    50 ||    68

Levels and vault maps discovered:
D:1:      heliophobic_arrival_glass_houses, layout_loops_ring,
          shapermc_ecumenical_altar_petra, minmay_tetromino_s4
D:2:      layout_rooms, minmay_tripent
D:3:      layout_basic, mrwooster_statue_mirror, bh_walls_and_bars, uniq_terence
D:4:      layout_loops_ring, mainiacjoe_overflow_brackets, portal_sewer_entry_a,
          serial_shops, nicolae_square_shop, nicolae_shop_trees, shop,
          nicolae_shop_trees, uniq_duvessa

Notes
Turn   | Place    | Note
-------+----------+-------------------------------------------
     0 | D:1      | kae the Demigod Fire Elementalist began the quest for the
                  | Orb.
     0 | D:1      | Reached XP level 1. HP: 14/14 MP: 5/5
     0 | D:1      | magus.rc [v1.11.3]
   127 | D:1      | Reached skill level 1 in Conjurations
   224 | D:1      | Reached XP level 2. HP: 11/20 MP: 1/7
   228 | D:1      | Reached skill level 3 in Fire Magic
   440 | D:1      | Reached skill level 2 in Spellcasting
   871 | D:1      | Learned a level 2 spell: Scorch
  1234 | D:2      | HP: 5/20 [poisoned by an adder]
  1409 | D:2      | Reached XP level 3. HP: 18/26 MP: 5/8
  1584 | D:2      | Reached skill level 2 in Conjurations
  2220 | D:2      | Reached XP level 4. HP: 33/33 MP: 7/10
  2691 | D:3      | Learned a level 3 spell: Conjure Flame
  3415 | D:3      | Noticed Terence
  3498 | D:4      | Noticed Dowan
  3544 | D:4      | Reached skill level 3 in Conjurations
  3544 | D:4      | Reached skill level 4 in Fire Magic
  3544 | D:4      | Reached XP level 5. HP: 11/38 MP: 1/11
  3598 | D:4      | Found Kiusm's Antique Armour Boutique.
  3606 | D:4      | Found Asuiruj's Antique Armour Boutique.
  3610 | D:4      | Found Amenysen's Armour Boutique.
  3628 | D:4      | Found a glowing drain.
  3638 | D:4      | HP: 9/38 [ball python (1)]
  3644 | D:4      | HP: 9/38 [giant cockroach (2)]
  3741 | Sewer    | Entered a sewer
  3902 | Sewer    | Learned a level 3 spell: Inner Flame
  3931 | Sewer    | Noticed Pargi
  4203 | D:4      | Found Wudicaus's General Store.
  4212 | D:4      | Bought a scroll of identify for 26 gold pieces
  4242 | D:4      | HP: 8/38 [iguana (2)]
  4243 | D:4      | Slain by an iguana

Vanquished Creatures
  A kobold brigand (Sewer)
  A hound (D:4)
  6 adders
  4 gnolls (D:2)
  3 worms
  An orc (D:4)
  2 endoplasms
  5 giant cockroaches
  5 goblins
  5 hobgoblins
  4 jackals (D:1)
  13 kobolds
  2 quokkas
  11 ball pythons
  4 bats
  6 frilled lizards
  2 rats
75 creatures vanquished.

Vanquished Creatures (others)
  215 foxfires
215 creatures vanquished.

Grand Total: 290 creatures vanquished

Table legend:
 A = Non-vault XP
 B = Vault XP
 C = Vault XP percentage of total XP
 D = Non-vault monster count
 E = Vault monster count
 F = Vault count percentage of total count
                 A         B        C        D         E       F
            +---------+---------+-------+---------+---------+-------
      Total |     260 |     136 |  34.3 |      61 |      14 |  18.7
            +---------+---------+-------+---------+---------+-------
        D:1 |      29 |       3 |   9.4 |      19 |       2 |   9.5
        D:2 |     123 |       4 |   3.1 |      22 |       2 |   8.3
        D:3 |      55 |       0 |   0.0 |      15 |       0 |   0.0
        D:4 |      53 |       9 |  14.5 |       5 |       5 |  50.0
      Sewer |       0 |     120 | 100.0 |       0 |       5 | 100.0
            +---------+---------+-------+---------+---------+-------

Illustrated notes

Table legend:
 A = Kills in this place as a percentage of kills in entire the game.
 B = Kills by you in this place as a percentage of kills by you in the entire game.
 C = Kills by friends in this place as a percentage of kills by friends in the entire game.
 D = Other kills in this place as a percentage of other kills in the entire game.
 E = Experience gained in this place as a percentage of experience gained in the entire game.
 F = Experience gained in this place divided by the number of levels of this place that you have seen.
                   A       B       C       D       E      F
               +-------+-------+-------+-------+-------+----------------------
         Total | 100.0 | 100.0 |   N/A |   N/A | 100.0 |  79.2
       Dungeon |  93.3 |  93.3 |   N/A |   N/A |  69.7 |  69.0
         Sewer |   6.7 |   6.7 |   N/A |   N/A |  30.3 | 120.0
               +-------+-------+-------+-------+-------+----------------------

Table legend: (Time is in decaauts)
 A = Elapsed time spent in this place.
 B = Non-inter-level travel time spent in this place.
 C = Inter-level travel time spent in this place.
 D = Time resting spent in this place.
 E = Time spent auto-exploring this place.
 F = Levels seen in this place.
 G = Mean time per level.
                   A        B        C        D        E       F      G
               +--------+--------+--------+--------+--------+-----+--------+
         Total |   4257 |   4151 |    106 |    550 |   2901 |   5 |  851.4 |
       Dungeon |   3814 |   3708 |    106 |    447 |   2636 |   4 |  953.5 |
         Sewer |    443 |    443 |      0 |    103 |    265 |   1 |  443.0 |
               +--------+--------+--------+--------+--------+-----+--------+

Top non-repeatable levels by time:
     D:1: 1573 daAuts
     D:2: 1134 daAuts
     D:3: 790 daAuts
   Sewer: 443 daAuts
     D:4: 315 daAuts
